 Dungeon Crawl Stone Soup version 0.28.0-53-g5a82cb258f (webtiles) character file.

Game seed: 3004889134991527162

23 Plasmagod the Grasshopper (level 2, -2/26 HPs)
             Began as a Gnoll Warper on July 20, 2022.
             Slain by Natasha (7 damage)
             ... on level 2 of the Dungeon.
             The game lasted 00:01:53 (857 turns).

Plasmagod the Grasshopper (Gnoll Warper)             Turns: 857, Time: 00:01:54

Health: -2/26      AC:  3    Str: 10    XL:     2   Next: 95%
Magic:  7/7        EV: 12    Int: 12    God:
Gold:   24         SH:  0    Dex: 11    Spells: 10/10 levels left

rFire   . . .      SeeInvis .   a - +0 hand axe
rCold   . . .      Faith    .   (no shield)
rNeg    . . .      Spirit   .   b - +0 leather armour
rPois   .          Reflect  .   (no helmet)
rElec   .          Harm     .   (no cloak)
rCorr   .          Rampage  .   (no gloves)
Will    .....                   (no boots)
Stlth   +.........              (no amulet)
HPRegen 0.08/turn               (no ring)
MPRegen 0.10/turn               (no ring)

@: no status effects
A: fangs 1, strong nose, distributed training
a: no special abilities


You were on level 2 of the Dungeon.
You visited 1 branch of the dungeon, and saw 2 of its levels.

You collected 24 gold pieces.

Inventory:

Hand Weapons
 a - a +0 hand axe (weapon)
Missiles
 d - 2 boomerangs of dispersal (quivered)
Armour
 b - a +0 leather armour (worn)
Scrolls
 c - a scroll of blinking
 e - a scroll of vulnerability {unknown}
 g - a scroll of teleportation {unknown}
 i - a scroll of fog {unknown}
Potions
 f - a potion of degeneration {unknown}
 h - a potion of attraction {unknown}


   Skills:
 + Level 4.5 Fighting
 + Level 0.5 Short Blades
 + Level 0.5 Long Blades
 + Level 4.5 Axes
 + Level 0.5 Maces & Flails
 + Level 0.5 Polearms
 + Level 0.5 Staves
 + Level 0.5 Slings
 + Level 0.5 Bows
 + Level 0.5 Crossbows
 + Level 2.5 Throwing
 + Level 2.5 Armour
 + Level 4.5 Dodging
 + Level 0.5 Stealth
 + Level 0.5 Shields
 + Level 0.5 Unarmed Combat
 + Level 4.9 Spellcasting
 + Level 0.4 Conjurations
 + Level 0.4 Hexes
 + Level 0.4 Summonings
 + Level 0.4 Necromancy
 + Level 5.4 Translocations
 + Level 0.4 Transmutations
 + Level 0.4 Fire Magic
 + Level 0.4 Ice Magic
 + Level 0.4 Air Magic
 + Level 0.4 Earth Magic
 + Level 0.4 Poison Magic
 + Level 0.7 Invocations
 + Level 0.5 Evocations


You had 10 spell levels left.
You didn't know any spells.
Your spell library contained the following spells:

 Spells                   Type           Power      Damage    Failure   Level
 Blink                    Tloc           30%        N/A       4%          2
 Gell's Gravitas          Tloc           15%        N/A       9%          3
 Lesser Beckoning         Tloc           15%        N/A       9%          3
 Teleport Other           Tloc           15%        N/A       9%          3
 Manifold Assault         Tloc           15%        N/A       63%         5


Dungeon Overview and Level Annotations

Branches:
Dungeon (2/15)

Altars:

Annotations:
D:2 Natasha


Innate Abilities, Weirdness & Mutations

You have very sharp teeth.
Your uncanny sense of smell can sniff out nearby items.
Your experience applies equally to all skills.


Message History

You kill the giant cockroach!
No target in view!
i - a scroll labelled REEGROL CIASUWN
Things that are here:
a +0 short sword; 3 stones; a kobold corpse Natasha, Servant of Life and Death comes into view.
Natasha hisses angrily.
Natasha claws you!
You hit Natasha. Your bite misses Natasha.
Natasha is heavily wounded.
Natasha misses you.
You barely miss Natasha.
Natasha is heavily wounded.
Natasha claws you. x2
You are too injured to fight recklessly!
You hit Natasha.
Natasha is heavily wounded.
Natasha wildly gestures.
You feel disoriented. Natasha closely misses you.
You completely miss Natasha. You bite Natasha, but do no damage.
Natasha is heavily wounded.
Natasha claws you but does no damage.
You barely miss Natasha. Your punch misses Natasha.
Natasha is heavily wounded.
Natasha barely misses you.
You hit Natasha.
Natasha is heavily wounded.
Natasha barely misses you.
You hit Natasha.
Natasha is almost dead.
Natasha claws you!
* * * LOW HITPOINT WARNING * * *
You closely miss Natasha.
Natasha is almost dead.
Natasha closely misses you.
You closely miss Natasha.
Natasha is almost dead.
Natasha claws you!
You die...

###.#.########
#....).......#
.....#..†######.#
### #..#######.#
#........#.#
##.#####.#.# #.#
#.#.# ########.#
#.#.# #....h@..#
#.#.# #.########
#.#.# #.#.#
###.#.# #.....#
########.#.###
.........#.#
########.#.#
###########.#.#


You could see Natasha.

Vanquished Creatures
  4 bats
  2 giant cockroaches
  2 goblins
  4 hobgoblins (D:1)
  3 jackals (D:2)
  A ball python (D:2)
  A kobold (D:2)
  2 rats
19 creatures vanquished.

Notes
Turn   | Place    | Note
-------+----------+-------------------------------------------
     0 | D:1      | Plasmagod the Gnoll Warper began the quest for the Orb.
     0 | D:1      | Reached XP level 1. HP: 20/20 MP: 6/6
    16 | D:1      | Found a faded altar of an unknown god.
   198 | D:1      | Reached XP level 2. HP: 20/26 MP: 7/7
   846 | D:2      | Noticed Natasha
   857 | D:2      | Slain by Natasha

Illustrated notes

Levels and vault maps discovered:
D:1:      minmay_arrival_doors, layout_rooms,
          chequers_ecumenical_altar_simple_redux
D:2:      layout_loops_ring, st_stairs_13, uniq_natasha

Action                   || total
-------------------------++-------
Melee: Hand axe          ||    84
       Bite              ||    10
Throw: Boomerang         ||     3
Armor: Leather armour    ||    27
Dodge: Dodged            ||    78
